 Dungeon Crawl Stone Soup version 0.23.2-33-g5129a83184 (webtiles) character file.

Game seed: 4167508791876504085

3466 t4s4d4r the Grappler (level 10, -3/107 HPs)
             Began as an Ogre Transmuter on July 15, 2019.
             Was a Follower of Sif Muna.
             Slain by an iguana (5 damage)
             ... on level 8 of the Dungeon.
             The game lasted 00:17:45 (10389 turns).

t4s4d4r the Grappler (Ogre Transmuter)             Turns: 10389, Time: 00:17:46

Health: -3/107     AC:  2    Str: 16    XL:     10   Next: 6%
Magic:  12/15      EV: 19    Int: 17    God:    Sif Muna [*.....]
Gold:   364        SH:  0    Dex: 14    Spells: 6/16 levels left

rFire    . . .     SeeInvis +     - Unarmed
rCold    . . .     Gourm    .   (shield currently unavailable)
rNeg     . . .     Faith    .   (armour currently unavailable)
rPois    x         Spirit   .   (helmet currently unavailable)
rElec    .         Reflect  .   (cloak currently unavailable)
rCorr    .         Harm     .   (gloves unavailable)
MR       ++...                  (boots unavailable)
Stlth    ++........             (no amulet)
HPRegen  0.27/turn              g - ring of protection from magic
MPRegen  0.14/turn              s - ring of see invisible

@: spider-form, divine energy
A: tiny, unfitting armour
a: End Transformation, Stop Divine Energy, Renounce Religion


You were on level 8 of the Dungeon.
You worshipped Sif Muna.
Sif Muna was aware of your devotion.
You were near starving.
You were a venomous arachnid creature.
You visited 2 branches of the dungeon, and saw 10 of its levels.

You collected 434 gold pieces.
You spent 70 gold pieces at shops.

Inventory:

Missiles
 a - 102 arrows
 e - 143 stones (quivered)
Armour
 b - a +0 robe (melded)
 i - a +0 cloak (melded)
Jewellery
 c - an uncursed ring of fire
 g - a ring of protection from magic (left front leg)
 s - a ring of see invisible (right front leg)
 B - an uncursed ring of magical power
Wands
 k - a wand of polymorph (10)
 n - a wand of enslavement (10)
 w - a wand of disintegration (12)
 E - a wand of paralysis (9)
Scrolls
 h - 2 scrolls of teleportation
 j - a scroll of fear {unknown}
 o - 3 scrolls of enchant armour {unknown}
 p - 2 scrolls of enchant weapon {unknown}
 r - a scroll of random uselessness {unknown}
 y - 2 scrolls of identify
 A - a scroll of vulnerability {unknown}
 D - a scroll of blinking {unknown}
 G - a scroll of magic mapping {unknown}
Potions
 f - 2 potions of brilliance
 l - 3 potions of flight
 m - 3 potions of might
 q - a potion of lignification
 t - 2 potions of invisibility {unknown}
 v - 2 potions of mutation
 z - 2 potions of degeneration
 C - a potion of ambrosia {unknown}
 F - a potion of berserk rage {unknown}
Comestibles
 d - 14 rations


   Skills:
 - Level 9.0 Fighting
 - Level 1.7 Dodging
 + Level 1.1 Stealth
 - Level 9.0 Unarmed Combat
 + Level 3.5 Spellcasting
 + Level 6.7 Transmutations
 + Level 1.1 Evocations


You had 6 spell levels left.
You knew the following spells:

 Your Spells              Type           Power        Failure   Level  Hunger
a - Beastly Appendage     Tmut           ####..       5%          1    None
b - Sticks to Snakes      Tmut           ####....     7%          2    ##.....
c - Spider Form           Tmut/Pois      ##........   28%         3    ###....
d - Ice Form              Ice/Tmut       ##......     61%         4    ####...

Your spell library contained the following spells:

 Spells                   Type           Power        Failure   Level  Hunger
 Flame Tongue             Conj/Fire      #....        36%         1    None
 Throw Flame              Conj/Fire      #.....       47%         2    ##.....
 Blade Hands              Tmut           ####......   50%         5    ######.
 Conjure Flame            Conj/Fire      #.......     67%         3    ###....
 Inner Flame              Hex/Fire       #.......     67%         3    ###....
 Sticky Flame             Conj/Fire      #.......     95%         4    ####...
 Fireball                 Conj/Fire      #.........   100%        5    ######.


Dungeon Overview and Level Annotations

Branches:
Dungeon (9/15)             Temple (1/1) D:6
   Lair: D:8-11         Orc: D:9-12

Altars:
Ashenzari
Cheibriados
Dithmenos
Elyvilon
Fedhas
Hepliaklqana
Kikubaaqudgha
Nemelex Xobeh
Okawaru
Qazlal
Sif Muna
Trog
Uskayaw
Wu Jian
Xom
The Shining One

Shops:
D:5 *

Annotations:
D:5 Menkaure
D:7 2 transporters
D:9 Harold


Innate Abilities, Weirdness & Mutations

You are too large for most types of armour.
((You have tough skin. (AC +1)))


Message History

The iguana hisses angrily.
The iguana barely misses you.
There is a stone staircase leading up here.
The iguana bites you.
* * * LOW HITPOINT WARNING * * *
You climb upwards.
There is a stone staircase leading down here.
You feel better. The iguana bites you!
* * * LOW HITPOINT WARNING * * *
Casting: Spider Form (safe; 12% risk of failure)
Confirm with . or Enter, or press ? or * to list all spells.
You turn into a venomous arachnid creature.
Your +0 cloak melds into your body.
Your +0 robe melds into your body.
You are near starving!
The iguana completely misses you.
Unknown command.
You hit the iguana.
The iguana is poisoned.
The iguana is lightly wounded.
The iguana bites you.
You die...

#........#......#.........#.
#........#......#.........#.
#...............#.........#.
#.......#.......#.........#.
#.......#.......#####.....#.
#.......#.......# #.....#.
#.......##......# #.....#.
##########......# #.....##
#.sl.##############
##.#...............
#.################
#.......[.....)...
##################


You could see an iguana.

Vanquished Creatures
  A two-headed ogre (D:8)
  A hippogriff (D:9)
  Sigmund (D:2)
  2 ice beasts
  2 orc warriors
  A sky beast (D:7)
  2 phantoms
  3 ogres
  A big kobold (D:6)
  A centaur (D:8)
  A bullfrog (D:6)
  A scorpion (D:7)
  9 howler monkeys
  3 crimson imps (D:5)
  5 jellies
  4 hounds
  5 orc wizards
  2 gnoll shamans
  Jessica (D:2)
  4 iguanas
  4 worker ants
  A hound zombie (D:5)
  A worker ant zombie (D:7)
  7 gnolls
  4 adders
  A shadow imp (D:5)
  2 oozes
  An adder zombie (D:8)
  2 worms
  5 leopard geckos
  12 orcs
  A ball python (D:1)
  10 giant cockroaches
  8 goblins
  9 hobgoblins
  10 jackals
  5 kobolds
  3 quokkas
  11 bats
  4 frilled lizards
  7 rats
158 creatures vanquished.

Notes
Turn   | Place    | Note
-------+----------+-------------------------------------------
     0 | D:1      | t4s4d4r the Ogre Transmuter began the quest for the Orb.
     0 | D:1      | Reached XP level 1. HP: 19/19 MP: 3/3
   334 | D:1      | Reached XP level 2. HP: 25/27 MP: 3/5
   892 | D:1      | Reached XP level 3. HP: 30/33 MP: 4/6
  1137 | D:2      | Learned a level 2 spell: Sticks to Snakes
  1141 | D:2      | Learned a level 3 spell: Spider Form
  1478 | D:2      | Noticed Jessica
  1487 | D:2      | Killed Jessica
  1487 | D:2      | Reached XP level 4. HP: 41/41 MP: 0/7
  1975 | D:2      | Noticed Sigmund
  1990 | D:2      | Killed Sigmund
  1990 | D:2      | Reached XP level 5. HP: 36/48 MP: 2/8
  1990 | D:2      | Reached XP level 6. HP: 41/55 MP: 2/9
  2106 | D:2      | Found a shadowy altar of Dithmenos.
  4024 | D:5      | Entered Level 5 of the Dungeon
  4024 | D:5      | Noticed Menkaure
  4082 | D:5      | Reached XP level 7. HP: 62/65 MP: 9/11
  4564 | D:5      | Found Qoen's General Store.
  4788 | D:5      | Reached XP level 8. HP: 56/78 MP: 10/12
  4794 | D:5      | Bought a scroll of teleportation for 42 gold pieces
  4794 | D:5      | Bought a scroll of identify for 28 gold pieces
  6134 | D:6      | Reached skill level 5 in Fighting
  6323 | D:6      | Found a staircase to the Ecumenical Temple.
  6339 | Temple   | Entered the Ecumenical Temple
  6368 | Temple   | Became a worshipper of Sif Muna the Loreminder
  6496 | D:6      | Found a shadowy altar of Dithmenos.
  6665 | D:7      | Learned a level 4 spell: Ice Form
  6879 | D:7      | Found a transporter.
  6930 | D:7      | Noticed a kobold demonologist
  7139 | D:7      | Found a sparkling altar of Nemelex Xobeh.
  7162 | D:7      | Noticed a kobold demonologist
  7166 | D:7      | Found a transporter.
  7255 | D:7      | Reached XP level 9. HP: 53/89 MP: 13/13
  7830 | D:8      | Noticed a two-headed ogre
  8351 | D:8      | Reached skill level 5 in Transmutations
  8354 | D:8      | Reached * piety under Sif Muna
  9745 | D:8      | Killed a two-headed ogre
 10042 | D:9      | Noticed Harold
 10042 | D:9      | Noticed a troll
 10246 | D:9      | Reached XP level 10. HP: 60/107 MP: 7/14
 10350 | D:9      | Reached skill level 1 in Stealth
 10350 | D:9      | Reached skill level 1 in Evocations
 10359 | D:9      | Noticed a two-headed ogre
 10374 | D:9      | HP: 3/107 [two-headed ogre/+0 giant spiked club (28)]
 10385 | D:9      | HP: 3/107 [iguana (3)]
 10389 | D:8      | Slain by an iguana

Skill      XL: |  1  2  3  4  5  6  7  8  9 10 |
---------------+-------------------------------+-----
Unarmed Combat | 3 4 6 7 8 9 |  9.0
Transmutations | 2 3 4 6 |  6.7
Fighting       | 2 3 5 9 |  9.0
Spellcasting   | 3 |  3.5
Stealth        | 1 |  1.1
Evocations     | 1 |  1.1
Dodging        | |  1.7

Action                   |  1- 3 |  4- 6 |  7- 9 | 10-12 || total
-------------------------+-------+-------+-------+-------++-------
Melee: Unarmed           |   127 |   138 |   397 |     6 ||   668
       Headbutt          |     8 |     4 |    25 |       ||    37
       Kick              |     2 |     6 |    13 |       ||    21
       Punch             |     2 |     1 |     7 |       ||    10
 Cast: Beastly Appendage |    15 |    18 |    37 |       ||    70
       Spider Form       |     1 |     2 |    10 |     2 ||    15
       Sticks to Snakes  |       |       |     2 |       ||     2
Invok: Divine Energy     |       |       |     1 |       ||     1
Evoke: Wand              |       |       |     2 |       ||     2
  Use: Scroll            |     1 |     3 |     5 |       ||     9
       Potion            |       |       |     1 |     1 ||     2
  Eat: Chunk             |     2 |     7 |    16 |       ||    25
       Ration            |       |     1 |     1 |       ||     2
Armor: Robe              |    66 |    27 |    73 |       ||   166
       Skin              |       |       |     1 |       ||     1
Dodge: Dodged            |    91 |    66 |   188 |    12 ||   357
